 Dungeon Crawl Stone Soup version 0.30-a0-476-g330ca2eb8e (webtiles) character file.

Game seed: 13438185625400135855

39 kae the Ruffian (level 3, 0/28 HPs)
             Began as a Draconian Transmuter on Dec 21, 2022.
             Killed by nerve-wracking pain
             ... invoked by Grinder
              (6 damage)
             ... on level 2 of the Dungeon.
             The game lasted 00:01:33 (2052 turns).

kae the Ruffian (Draconian Transmuter)              Turns: 2052, Time: 00:01:33

Health: 0/28       AC: 16    Str: 12    XL:     3   Next: 28%
Magic:  4/6        EV: 12    Int: 15    God:
Gold:   50         SH:  0    Dex: 11    Spells: 0/6 levels left

rFire   . . .      SeeInvis .      - Unarmed
rCold   . . .      Faith    .    (no shield)
rNeg    . . .      Spirit   .    (body armour unavailable)
rPois   .          Reflect  .    (helmet restricted)
rElec   .          Harm     .    k - +2 cloak
rCorr   .          Rampage  .    (no gloves)
Will    .....                    (no boots)
Stlth   +.........               (no amulet)
HPRegen 0.24/turn                O - +4 ring of protection
MPRegen 0.10/turn                o - +4 ring of protection

@: no status effects
A: AC +5, unfitting armour, cold-blooded
a: no special abilities


You were on level 2 of the Dungeon.
You visited 1 branch of the dungeon, and saw 3 of its levels.

You collected 50 gold pieces.


Innate Abilities, Weirdness & Mutations

Your plain brown scales are hard. (AC +5)
You cannot fit into any form of body armour.
You are cold-blooded and may be slowed by cold attacks.


   Skills:
 - Level 1.1 Fighting
 - Level 1.7 Dodging
 + Level 3.3 Unarmed Combat
 + Level 2.4 Spellcasting
 * Level 3.0 Transmutations
 + Level 0.2 Poison Magic


You couldn't memorise any spells.
You knew the following spells:

 Your Spells              Type           Power      Damage    Failure   Level
a - Beastly Appendage     Tmut           20%        N/A       6%          1
b - Wereblood             Tmut           10%        N/A       10%         2
c - Spider Form           Tmut/Pois      6%         N/A       32%         3

Your spell library contained the following spells:

 Spells                   Type           Power      Damage    Failure   Level
 Ice Form                 Ice/Tmut       6%         N/A       75%         4
 Chain Lightning          Conj/Air       0%         2d1       100%        9
 Fire Storm               Conj/Fire      0%         6d1       100%        9
 Shatter                  Erth           0%         3d5*      100%        9

Inventory:

Missiles
 c - 34 stones
 j - 6 poisoned darts
Armour
 k - a +2 cloak (worn)
   (You found it on level 1 of the Dungeon)
Jewellery
 o - a +4 ring of protection (right hand)
   (You found it on level 2 of the Dungeon)
 I - a +6 ring of intelligence
   (You found it on level 2 of the Dungeon)
 O - a +4 ring of protection (left hand)
   (You found it on level 2 of the Dungeon)
Scrolls
 e - a scroll of enchant weapon {unknown}
 f - a scroll of fog {unknown}
 h - 2 scrolls of identify {unknown}
Potions
 a - a potion of lignification {!q}
 b - 2 potions of mutation {unknown}
 d - a potion of might {unknown}
 g - 2 potions of degeneration {unknown}
 i - a potion of curing {unknown}

Dungeon Overview and Level Annotations

Branches:
Dungeon (3/15) Zot: 15948

Altars:

Annotations:
D:2 Grinder

###.#..#.###.#.#...#..#.###......
..#.#..#.# #.#.##..#......#....##
..#.#....###.#.##................
#.#.#.#..##..#.##.##..#.#........
#.#.#.#..##..#.##.##..#.##..#.###
#.#.#.#......#.#..##.............
#.#.#.##.#..##..............#####
#.#.#.#........5#####.........#
#.#.#.##.##.#>#.@...#.#.###.###
#.#.#.#..#..5.#####.#.#.# #.#####
..#.#.#..#..#.#####.#.#.###.#....
..#.#.#..#..........#.......'....
..#.#...........#####.#.###.#....
...............##.....#.# #.#....
......................#.# #.#####
###.#.#....#..##......#.###.#
#.###....#..##..........#.#


You could see Grinder (extremely poisoned).


Message History

Unknown command. 😕 HP[+1] Unknown command.
Unknown command.
You start resting. 😕 HP[+1] MP[+1]
Your mp is fully restored (6).
Unknown command.
You start resting.
Your horns disappear.
Your talons disappear. 😎 HP[+2]
Your hp is fully restored (28).
There is an open door here.
There is an open door here.
There is a stone staircase leading down here.
You can't go up here!
Unknown command.
You climb downwards.
Level annotation: Grinder Grinder gestures at you.
You barely resist.
A dart slug comes into view. x2
The orc hits you with a +0 falchion.
There is a stone staircase leading up here.
Unknown command. 😕 HP[-1]
You take 1 damage, and now have 27/28 hp.
Grinder zaps a wand.
The puff of flame misses you. The orc misses you.
The dart slug briefly extends its eye-stalks.
The dart slug launches a dart at you. The slug dart hits you.
You climb upwards.
There is a stone staircase leading down here.
You can't go up here!
Unknown command.
Unknown command.
Grinder zaps a wand.
The puff of flame misses you.
Unknown command.
The orc attacks as you move away!
The orc hits you with a +0 falchion. 😕 HP[-3]
You take 3 damage, and now have 24/28 hp.
Casting: Beastly Appendage (safe; 6% risk of failure)
Confirm with . or Enter, or press ? or * to list all spells.
The spell is extremely dangerous to miscast (32% risk of failure)!
Continue anyway? [Y]es or [N]o only, please.
The spell is extremely dangerous to miscast (32% risk of failure)!
Continue anyway?
You turn into a venomous arachnid creature.
Your +2 cloak melds into your body.
Grinder says, "Tell me all your secrets, or I'll kill you."
Grinder blinks!
The orc misses you. 😕 MP[-3]
You lost 3 mp, and now have 3/6 mp.
Okay, then.
You hit the orc.
The orc is poisoned.
The orc completely misses you.
You hit the orc.
Your transformation is almost over.
The orc misses you. 😕 HP[+1]
You hit the orc.
You kill the orc!
Things that are here:
a +0 falchion; an orc corpse You hit Grinder.
Grinder misses you.
You hit Grinder.
Grinder zaps a wand.
The puff of flame misses you. 😕 HP[+1]
You hit Grinder but do no damage. Grinder gestures at you.
Pain shoots through your body!
Ouch! That really hurt!
* * * LOW HITPOINT WARNING * * *
😨 HP[-14]
You take 14 damage, and now have 12/28 hp.
MASSIVE DAMAGE!! (PAUSE)
You hit Grinder.
Grinder is poisoned.
Grinder misses you.
Unknown command.
You bite Grinder! Grinder closely misses you. 😨 MP[+1]
You barely miss Grinder.
Grinder zaps a wand.
The puff of flame hits you.
* * * LOW HITPOINT WARNING * * *
😱 HP[-5]
You take 5 damage, and now have 7/28 hp.
You barely miss Grinder. Grinder gestures at you.
Pain shoots through your body!
* * * LOW HITPOINT WARNING * * *
😱 HP[-1]
You take 1 damage, and now have 6/28 hp.
Unknown command.
You hit Grinder.
Grinder looks as sick as possible!
Your transformation has ended.
Your +2 cloak unmelds from your body.
Grinder gestures at you. Pain shoots through your body!
You die...

Skill      XL: |  1  2  3 |
---------------+----------+-----
Transmutations | 3 |  3.0
Fighting       | |  1.1
Dodging        | |  1.7
Unarmed Combat | |  3.3
Spellcasting   | |  2.4
Poison Magic   | |  0.2

Action                   || total
-------------------------++-------
Melee: Unarmed           ||    89
       Tailslap          ||     5
       Kick              ||    13
       Headbutt          ||    12
       Punch             ||     1
 Cast: Beastly Appendage ||    20
       Spider Form       ||     1
  Use: Scroll            ||     4
 Stab: Sleeping          ||     1
Armor: Skin              ||    40
Dodge: Dodged            ||    53

Levels and vault maps discovered:
D:1:      tarquinn_simple_flora_water_c, layout_loops_ring
D:2:      layout_basic, dreamdust_ecumenical_altar_hidden_monk_grotto,
          serial_co_window_serial, co_window_of_opportunity_a,
          co_window_corner_a, co_window_of_opportunity_a, co_window_paths_b,
          co_window_paths_a, co_window_of_opportunity_a, co_window_paths_c,
          co_window_of_opportunity_b, co_window_broadway_a,
          co_window_broadway_a, co_window_4corner_a, glass_columns_a,
          nicolae_elevator_lobby_asterisk
D:3:      kennysheep_slugbush, layout_basic, uniq_grinder, uniq_natasha

Notes
Turn   | Place    | Note
-------+----------+-------------------------------------------
     0 | D:1      | kae the Draconian Transmuter began the quest for the Orb.
     0 | D:1      | Reached XP level 1. HP: 16/16 MP: 3/3
     0 | D:1      | magus.rc [v1.11.3]
    70 | D:1      | Reached XP level 2. HP: 21/23 MP: 5/5
   994 | D:2      | Reached XP level 3. HP: 28/28 MP: 4/6
   997 | D:2      | Learned a level 2 spell: Wereblood
  1001 | D:2      | Learned a level 3 spell: Spider Form
  1315 | D:2      | Reached skill level 3 in Transmutations
  1457 | D:2      | Found a faded altar of an unknown god.
  1951 | D:2      | You pick up a book of Annihilations and begin reading...
  1951 | D:2      | You add the spells Chain Lightning, Fire Storm and Shatter
                  | to your library.
  1978 | D:3      | Noticed Grinder
  2050 | D:2      | HP: 7/28 [Grinder/puff of flame (5)]
  2052 | D:2      | Killed from afar by Grinder

Vanquished Creatures
  A dart slug (D:1)
  An orc (D:2)
  5 endoplasms
  4 giant cockroaches
  3 goblins (D:1)
  3 hobgoblins
  3 kobolds
  4 ball pythons (D:1)
  3 bats (D:1)
  3 frilled lizards (D:1)
  2 rats
32 creatures vanquished.

Table legend:
 A = Non-vault XP
 B = Vault XP
 C = Vault XP percentage of total XP
 D = Non-vault monster count
 E = Vault monster count
 F = Vault count percentage of total count
                 A         B        C        D         E       F
            +---------+---------+-------+---------+---------+-------
      Total |      57 |       0 |   0.0 |      32 |       0 |   0.0
            +---------+---------+-------+---------+---------+-------
        D:1 |      39 |       0 |   0.0 |      23 |       0 |   0.0
        D:2 |      18 |       0 |   0.0 |       9 |       0 |   0.0
            +---------+---------+-------+---------+---------+-------

Illustrated notes

Table legend:
 A = Kills in this place as a percentage of kills in entire the game.
 B = Kills by you in this place as a percentage of kills by you in the entire game.
 C = Kills by friends in this place as a percentage of kills by friends in the entire game.
 D = Other kills in this place as a percentage of other kills in the entire game.
 E = Experience gained in this place as a percentage of experience gained in the entire game.
 F = Experience gained in this place divided by the number of levels of this place that you have seen.
                   A       B       C       D       E      F
               +-------+-------+-------+-------+-------+----------------------
         Total | 100.0 | 100.0 |   N/A |   N/A | 100.0 |  19.0
       Dungeon | 100.0 | 100.0 |   N/A |   N/A | 100.0 |  19.0
               +-------+-------+-------+-------+-------+----------------------

Table legend: (Time is in decaauts)
 A = Elapsed time spent in this place.
 B = Non-inter-level travel time spent in this place.
 C = Inter-level travel time spent in this place.
 D = Time resting spent in this place.
 E = Time spent auto-exploring this place.
 F = Levels seen in this place.
 G = Mean time per level.
                   A        B        C        D        E       F      G
               +--------+--------+--------+--------+--------+-----+--------+
         Total |   2050 |   1926 |    124 |     58 |   1593 |   3 |  683.3 |
       Dungeon |   2050 |   1926 |    124 |     58 |   1593 |   3 |  683.3 |
               +--------+--------+--------+--------+--------+-----+--------+

Top non-repeatable levels by time:
     D:2: 1077 daAuts
     D:1: 964 daAuts
     D:3: 8 daAuts
